 Dungeon Crawl Stone Soup version 0.21-a0-529-g8c7b3f5 (webtiles) character file.

4900 kae the Grappler (level 10, -13/98 HPs)
             Began as a Troll Monk on Dec 10, 2017.
             Was a Priest of Wu Jian.
             Mangled by a white ugly thing (21 damage)
             ... on level 9 of the Dungeon.
             The game lasted 00:08:35 (5968 turns).

kae the Grappler (Troll Monk)                       Turns: 5968, Time: 00:08:35

Health: -13/98     AC: 10    Str: 26    XL:     10   Next: 27%
Magic:  0/11       EV: 10    Int:  6    God:    Wu Jian [***...]
Gold:   410        SH: 19    Dex: 15    Spells: 9/9 levels left

rFire    . . .     SeeInvis .     - Unarmed
rCold    . . .     Gourm    +   t - +3 large shield {AC+3}
rNeg     . . .     Faith    .   a - +0 robe
rPois    .         Spirit   +   r - +2 hat
rElec    .         Reflect  .   w - scarf {Spirit}
rCorr    .         Harm     .   (gloves unavailable)
MR       .....                  (boots unavailable)
Stlth    ++........             o - amulet of magic regeneration
HPRegen  0.66/turn              h - +5 ring of strength
MPRegen  0.37/turn              (no ring)

@: exhausted
A: large, unfitting armour, claws 3, fast metabolism 3, gourmand, regeneration
1, shaggy fur 1, tough skin 2
a: Serpent's Lash, Renounce Religion


You were on level 9 of the Dungeon.
You worshipped Wu Jian.
Wu Jian was most pleased with you.
You were very full.

You visited 2 branches of the dungeon, and saw 10 of its levels.
You also visited: Bailey.

You collected 410 gold pieces.

Inventory:

Armour
 a - a +0 robe (worn)
 r - a +2 hat (worn)
 t - a +3 large shield of protection (worn)
 w - a scarf of spirit shield (worn)
 x - a +0 cloak
Jewellery
 h - a +5 ring of strength (left claw)
 o - an amulet of magic regeneration (around neck)
Wands
 e - a wand of polymorph (11)
 q - a wand of flame (97)
 D - a wand of disintegration (11)
 F - a wand of random effects (33)
 H - a wand of acid (8)
Scrolls
 f - 3 scrolls of teleportation
 j - 3 scrolls of enchant weapon
 m - a scroll of remove curse
 v - 2 scrolls of fear
 y - a scroll of magic mapping {unknown}
 B - 6 scrolls of blinking
Potions
 d - a potion of resistance
 i - 2 potions of brilliance
 k - a potion of agility
 n - 2 potions of lignification
 p - a potion of curing {unknown}
 s - 2 potions of might
 u - 4 potions of heal wounds
 z - a potion of haste {unknown}
 C - a potion of flight {unknown}
 E - a potion of berserk rage {unknown}
Comestibles
 b - 5 bread rations
 c - 14 royal jellies
 g - 8 fruits
 l - 2 meat rations
 A - 6 chunks of flesh


   Skills:
 + Level 6.1 Fighting
 + Level 6.0 Dodging
 - Level 1.0 Stealth
 + Level 4.8 Shields
 * Level 9.9 Unarmed Combat
 + Level 3.0 Evocations


You had 9 spell levels left.
You didn't know any spells.

Dungeon Overview and Level Annotations

Branches:
Dungeon (9/15)             Temple (1/1) D:6             Orc (0/2) D:9
   Lair: D:8-11

Altars:
Ashenzari
Cheibriados
Dithmenos
Elyvilon
Fedhas
Gozag
Hepliaklqana
Kikubaaqudgha
Makhleb
Nemelex Xobeh
Okawaru
Ru
Sif Muna
Trog
Uskayaw
Vehumet
Wu Jian
Xom
Yredelemnul
Zin
The Shining One

Shops:
D:4 (   D:6 :   D:8 :


Innate Abilities, Weirdness & Mutations

You are too large for most types of armour.
You have claws for hands.
Your metabolism is lightning-fast.
You like to eat raw meat.
Your natural rate of healing is unusually fast.
You are covered in fur. (AC +1)
You have very tough skin. (AC +2)


Message History

The white ugly thing is almost dead.
You block the white ugly thing's attack.
You closely miss the white ugly thing.
The white ugly thing is almost dead.
The white ugly thing tail-slaps you. The white ugly thing freezes you!!
* * * LOW HITPOINT WARNING * * *
You closely miss the white ugly thing.
The white ugly thing is severely wounded.
You block the white ugly thing's attack.
You repeatedly attack the white ugly thing from above.
You claw the white ugly thing!
The white ugly thing is almost dead.
You closely miss the white ugly thing.
The white ugly thing is almost dead.
The white ugly thing tail-slaps you. The white ugly thing freezes you!!
* * * LOW HITPOINT WARNING * * *
The white ugly thing tail-slaps you.
* * * LOW HITPOINT WARNING * * *
The white ugly thing freezes you!!
You die...

....# ....#
.......
.............
.....8....>..
...........[.
#####.......!
.....8.. ####
###.....####§.#
.#.....§@u.#
#..#####+## #.
#


You could see a white ugly thing.

Vanquished Creatures
  The ghost of kae the Grappler, a novice TrMo of Wu Jian (Bailey)
  An ugly thing (D:9)
  The ghost of Typee the Chiller, a novice OpIE of Gozag (D:7)
  A torpor snail (D:7)
  Menkaure (D:5)
  A water moccasin (D:4)
  5 orc warriors
  A sky beast (D:5)
  An ice beast (D:5)
  A necrophage (D:6)
  3 ogres
  2 centaurs
  8 bullfrogs
  4 scorpions
  A wight (D:9)
  3 crimson imps
  A bullfrog zombie (D:7)
  A quasit (D:7)
  5 hounds
  4 jellies
  5 orc priests
  Crazy Yiuf (D:5)
  2 centaur skeletons
  An iguana (D:8)
  4 orc wizards
  4 worker ants
  A hound skeleton (D:3)
  A worker ant zombie (D:6)
  Robin (D:2)
  8 adders
  2 shadow imps
  7 oozes
  An adder skeleton (D:4)
  2 worms (D:2)
  2 dart slugs
  5 leopard geckos
  40 orcs
  7 bats
  8 giant cockroaches
  13 goblins
  9 hobgoblins
  6 jackals
  6 kobolds
  A quokka (D:4)
  2 ball pythons
  5 frilled lizards
  A leopard gecko zombie (D:5)
  A quokka skeleton (D:7)
  9 rats
  A bush (D:2)
202 creatures vanquished.

Vanquished Creatures (others)
  An adder skeleton (D:9)
1 creature vanquished.

Grand Total: 203 creatures vanquished

Notes
Turn   | Place    | Note
-------+----------+-------------------------------------------
     0 | D:1      | kae the Troll Monk began the quest for the Orb.
     0 | D:1      | Reached XP level 1. HP: 22/22 MP: 0/0
    87 | D:1      | Reached XP level 2. HP: 29/29 MP: 1/1
   479 | D:1      | Reached XP level 3. HP: 36/36 MP: 2/2
   823 | D:2      | Noticed Robin
   844 | D:2      | Killed Robin
   844 | D:2      | Reached skill level 4 in Unarmed Combat
  1134 | D:2      | Reached XP level 4. HP: 44/44 MP: 3/3
  1545 | D:3      | Reached XP level 5. HP: 44/53 MP: 4/4
  1826 | D:3      | Found a blossoming altar of Fedhas.
  2233 | D:4      | Reached skill level 5 in Unarmed Combat
  2289 | D:4      | Found Fuysi's Weapon Shoppe.
  2344 | D:4      | Found a burning altar of Makhleb.
  2395 | D:4      | Noticed a water moccasin
  2411 | D:4      | Killed a water moccasin
  2411 | D:4      | Reached XP level 6. HP: 30/61 MP: 5/5
  2585 | D:4      | Found an opulent altar of Gozag.
  2693 | D:4      | Reached skill level 1 in Shields
  2754 | D:5      | Entered Level 5 of the Dungeon
  2825 | D:5      | Found a shadowy altar of Dithmenos.
  2938 | D:5      | Noticed Menkaure
  2947 | D:5      | Killed Menkaure
  2947 | D:5      | Reached skill level 6 in Unarmed Combat
  2947 | D:5      | Reached XP level 7. HP: 68/68 MP: 6/6
  3062 | D:5      | Found a runed door.
  3462 | D:5      | Noticed Crazy Yiuf
  3469 | D:5      | Killed Crazy Yiuf
  3469 | D:5      | Reached XP level 8. HP: 75/78 MP: 7/7
  3519 | D:6      | Found Docion's Book Shoppe.
  3533 | D:6      | Found an ancient bone altar of Kikubaaqudgha.
  3603 | D:6      | Found a shattered altar of Ashenzari.
  3612 | D:6      | Reached skill level 7 in Unarmed Combat
  3953 | D:6      | Found a staircase to the Ecumenical Temple.
  3996 | D:6      | Found a hide-covered altar of Uskayaw.
  4023 | Temple   | Entered the Ecumenical Temple
  4042 | Temple   | Became a worshipper of the Wu Jian Council
  4042 | Temple   | Reached * piety under Wu Jian
  4042 | Temple   | Reached ** piety under Wu Jian
  4336 | D:7      | Noticed Typee's ghost (novice OpIE)
  4346 | D:7      | Killed Typee's ghost
  4346 | D:7      | Reached skill level 5 in Fighting
  4346 | D:7      | Reached skill level 5 in Dodging
  4346 | D:7      | Reached skill level 8 in Unarmed Combat
  4346 | D:7      | Reached skill level 1 in Evocations
  4346 | D:7      | Reached XP level 9. HP: 77/87 MP: 8/8
  4401 | D:7      | Found a flagged portal.
  4417 | Bailey   | Entered a bailey
  4437 | Bailey   | Noticed kae's ghost (novice TrMo)
  4470 | Bailey   | Noticed an orc knight
  4470 | Bailey   | Killed kae's ghost
  4470 | Bailey   | Reached skill level 9 in Unarmed Combat
  4623 | D:7      | Found a shadowy altar of Dithmenos.
  4626 | D:7      | Found a snail-covered altar of Cheibriados.
  4726 | D:7      | Found a shimmering altar of Xom.
  4974 | D:7      | Noticed a torpor snail
  4974 | D:7      | an orc knight changed into a torpor snail
  4981 | D:7      | Killed a torpor snail
  5161 | D:8      | Reached *** piety under Wu Jian
  5281 | D:8      | Found an iron altar of Okawaru.
  5332 | D:8      | Reached XP level 10. HP: 68/98 MP: 7/10
  5422 | D:8      | Found Uzohuy's Book Emporium.
  5797 | D:9      | Found a staircase to the Orcish Mines.
  5866 | D:9      | Noticed a cyan ugly thing
  5874 | D:9      | Noticed a white ugly thing
  5876 | D:9      | Killed a cyan ugly thing
  5882 | D:9      | HP: 3/98 [something (3)]
  5884 | D:9      | HP: 1/98 [something (1)]
  5968 | D:9      | Mangled by a white ugly thing

Vault maps used:
D:1:      minmay_arrival_stone_box
D:2:      serial_forest, infiniplex_forest_corner_2, infiniplex_forest_lined_3,
          infiniplex_forest_straight_2, infiniplex_forest_pool,
          infiniplex_forest_lined_4_way, infiniplex_forest_pool,
          infiniplex_forest_corner_2, uniq_robin
D:3:      fedhas_altar_fruit_tree
D:4:      nicolae_overflow_crystal_walls, serial_shops, kennysheep_mini_moat,
          first_bread, grunt_gozag_breadcrumbs
D:5:      grunt_dithmenos_shadows, uniq_crazy_yiuf_cottage, uniq_menkaure
D:6:      lemuel_crystal_altar, old_standard_altar, minmay_temple_entry_trees,
          serial_shops, shop, basic_altar
D:7:      nicolae_overflow_hidden_temple, basic_altar, serial_glass,
          glass_columns_a, glass_columns_a, glass_columns_b, glass_columns_a,
          glass_columns_b, glass_columns_b, glass_columns_a, glass_columns_a,
          glass_columns_b, glass_columns_a, glass_columns_c, glass_columns_c,
          glass_columns_a, glass_columns_b, enter_bailey_2
D:8:      serial_shops, shop, hangedman_little_slice_of_home,
          okawaru_ov_weapons_minmay
D:9:      minmay_the_grid_triangle_9x9_recursive_2_mashed, david_lair_shrubbed,
          david_orc_2, uniq_grum
Temple:   lightli_temple_of_artemis
Bailey:   bailey_polearm_4, bailey

Skill      XL: |  1  2  3  4  5  6  7  8  9 10 |
---------------+-------------------------------+-----
Unarmed Combat | 4 5 6 8 9 |  9.9
Fighting       | 3 4 5 6 |  6.1
Dodging        | 3 4 5 6 |  6.0
Shields        | 1 2 3 4 |  4.8
Evocations     | 1 2 3 |  3.0
Stealth        | |  1.0

Action                   |  1- 3 |  4- 6 |  7- 9 | 10-12 || total
-------------------------+-------+-------+-------+-------++-------
Melee: Unarmed           |   134 |   140 |   268 |    91 ||   633
       Punch             |     3 |     1 |       |       ||     4
Invok: Serpent's Lash    |       |       |       |     1 ||     1
Evoke: Wand              |       |       |     8 |     2 ||    10
  Use: Scroll            |     5 |    10 |     2 |     3 ||    20
       Potion            |       |       |     2 |       ||     2
 Stab: Sleeping          |     5 |     4 |       |       ||     9
       Distracted        |       |       |     1 |       ||     1
  Eat: Chunk             |    16 |    16 |    23 |     5 ||    60
Armor: Robe              |    41 |    26 |    55 |    12 ||   134
Dodge: Dodged            |    64 |    60 |    36 |    10 ||   170
Block: Large shield      |       |    40 |   192 |    70 ||   302

Table legend:
 A = Spawn XP
 B = Non-spawn XP
 C = Spawn XP percentage of total XP
 D = Spawn monster count
 E = Non-spawn monster count
 F = Spawn count percentage of total count
 G = Total turns spent on level
                    A         B        C        D         E        F      G
               +---------+---------+-------+---------+---------+-------+---------
         Total |       0 |    7001 |   0.0 |       0 |     201 |   0.0 |  5968
               +---------+---------+-------+---------+---------+-------+---------
           D:1 |       0 |      44 |   0.0 |       0 |      22 |   0.0 |   596
           D:2 |       0 |      73 |   0.0 |       0 |      25 |   0.0 |   624
           D:3 |       0 |     118 |   0.0 |       0 |      30 |   0.0 |   907
           D:4 |       0 |     390 |   0.0 |       0 |      15 |   0.0 |   627
           D:5 |       0 |     804 |   0.0 |       0 |      24 |   0.0 |   758
           D:6 |       0 |     900 |   0.0 |       0 |      22 |   0.0 |   748
           D:7 |       0 |    1388 |   0.0 |       0 |      23 |   0.0 |   671
           D:8 |       0 |     890 |   0.0 |       0 |      22 |   0.0 |   669
           D:9 |       0 |    1157 |   0.0 |       0 |      14 |   0.0 |   263
        Bailey |       0 |    1237 |   0.0 |       0 |       4 |   0.0 |    57
               +---------+---------+-------+---------+---------+-------+---------
